cohdb
Replays
Latest Replays
All Replays
Popular Replays
Top Player Replays
Match Explorer
How It Works
Community
CoH3 Stats
Reddit
Sign in to upload your games and track your stats! →
Sign in with Steam
Match 44889583
Unlisted
Match 44889583
Overview
Messages
Build Orders
End
Construct Barracks
Riflemen Squad
Selects Advanced Infantry Battlegroup
Riflemen Squad
Grenade Package
M1 Mortar Team
Infantry Support Center
Riflemen Squad
Selects Convert to Ranger Squad
Construct Weapon Support Center
M3 Armored Personnel Carrier
Selects Frontline Medical Station
Frontline Medical Station
Convert to Ranger Squad
Survival Training
Construct Motor Pool
Convert to Ranger Squad
Selects Ranger Weapon Training
M24 Chaffee Light Tank
M8 Greyhound Armored Car
Full Metal
franciscoalexis.s.v
Nehpets
Joraad
BlimpAttack73
VivaElPresidente
0
0
Comments
sign in to comment!
No comments posted yet!